 Dungeon Crawl Stone Soup version 0.27-a0-1332-g84bddb5ca7 (webtiles) character file.

Game seed: 3292730922644029869

5415 dickylongcocking the Fighter (level 10, -5/117 HPs)
             Began as a Djinni Fire Elementalist on June 25, 2021.
             Was an Initiate of Makhleb.
             Slain by an orc warrior (14 damage)
             ... on level 9 of the Dungeon.
             The game lasted 00:11:48 (13562 turns).

dickylongcocking the Fighter (DjFE)                Turns: 13562, Time: 00:11:49

Health: -5/117     AC:  6    Str:  6    XL:     10   Next: 99%
Gold:   425        EV: 12    Int: 19    God:    Makhleb [......] SH:  0 Dex: 14

rFire    + + .     SeeInvis .   t - +4 scimitar (flame)
rCold    x . .     Faith    .   (no shield)
rNeg     . . .     Spirit   .   u - +1 robe {Will+}
rPois    ∞         Reflect  .   g - +0 helmet
rElec    .         Harm     .   j - +0 cloak
rCorr    .         Rampage  .   n - +0 pair of gloves
Will     ++...                  (boots unavailable)
Stlth    ..........             (no amulet)
HPRegen  0.29/turn              (no ring)
MPRegen  0.00/turn              (no ring)

@: berserking (expiring), flying, very quick
A: sickness immunity, fire resistance 2, cold vulnerability 1, float, innate
caster, hp casting, extra vitality 1, camouflage 1, weak 1
a: Renounce Religion


You were on level 9 of the Dungeon.
You worshipped Makhleb.
Makhleb was noncommittal.
You visited 2 branches of the dungeon, and saw 10 of its levels.

You collected 425 gold pieces.

Inventory:

Hand Weapons
 k - a +2 spectral long sword
 s - a +1 scimitar of freezing
 t - a +4 scimitar of flaming (weapon)
Missiles
 d - 2 throwing nets
Armour
 a - a +0 robe
 g - a +0 helmet (worn)
 j - a +0 cloak (worn)
 n - a +0 pair of gloves (worn)
 u - a +1 robe of willpower (worn)
Wands
 f - a wand of flame (42)
 q - a wand of mindburst (15)
 y - a wand of iceblast (8)
Scrolls
 i - 2 scrolls of immolation
Potions
 b - 2 potions of degeneration {unknown}
 c - a potion of might {unknown}
 e - a potion of flight {unknown}
 l - a potion of cancellation {unknown}
 m - a potion of magic {unknown}
 p - 2 potions of heal wounds {unknown}
 v - a potion of lignification {unknown}
 x - a potion of experience {unknown}


   Skills:
 * Level 9.4 Fighting
 - Level 2.1 Dodging
 - Level 1.5 Stealth
 * Level 7.7 Spellcasting
 * Level 8.0 Evocations


You couldn't memorise any spells.
You knew the following spells:

 Your Spells              Type           Power      Damage    Failure   Level
a - Foxfire               Conj/Fire      100%       2x1d9     1%          1
b - Conjure Flame         Conj/Fire      36%        6-21      1%          3
c - Inner Flame           Hex/Fire       36%        N/A       1%          3
d - Sticky Flame          Conj/Fire      36%        2d6       4%          4
e - Fireball              Conj/Fire      18%        3d9       11%         5
f - Shock                 Conj/Air       100%       1d9       1%          1
g - Static Discharge      Conj/Air       36%        N/A       1%          2
h - Stone Arrow           Conj/Erth      72%        3d11      1%          3
i - Mephitic Cloud        Conj/Pois/Air  36%        N/A       1%          3
Your spell library was empty.

Dungeon Overview and Level Annotations

Branches:
Dungeon (9/15)             Temple (1/1) D:5            Lair (0/6) D:9
    Orc (0/2) D:9

Altars:
Ashenzari
Cheibriados
Dithmenos
Elyvilon
Fedhas
Gozag
Kikubaaqudgha
Makhleb
Nemelex Xobeh
Okawaru
Qazlal
Ru
Sif Muna
Trog
Vehumet
Wu Jian
Xom
Yredelemnul
Zin
The Shining One


Innate Abilities, Weirdness & Mutations

You are immune to sickness and miasma.
You are immune to poison.
Your flesh is very heat resistant. (rF++)
You are vulnerable to cold. (rC-)
You float through the air rather than walking.
You learn spells naturally, not from books.
Your magical power is your life essence.
You have superior vitality. (+4 HP)
Your skin changes colour to match your surroundings (Stealth+).
You are weak. (Str -2)


Message History

The orc wizard hits you but does no damage.
The orc priest hits you with a +0 dagger.
Unknown command.
You barely miss the orc priest.
The orc priest is heavily wounded.
The orc warrior hits you with a +0 war axe.
The orc hits you but does no damage.
Unknown command.
You barely miss the orc priest.
The orc priest is heavily wounded.
The orc priest hits you with a +0 dagger.
The orc wizard barely misses you.
The orc warrior hits you with a +0 war axe!
* * * LOW HITPOINT WARNING * * *
The orc hits you but does no damage.
You closely miss the orc priest.
The orc priest is heavily wounded.
The orc priest closely misses you.
The orc wizard hits you but does no damage.
The orc warrior hits you with a +0 war axe!
* * * LOW HITPOINT WARNING * * *
The orc hits you with a +0 club.
* * * LOW HITPOINT WARNING * * *
Unknown command.
You closely miss the orc priest.
The orc priest is heavily wounded.
The orc priest hits you with a +0 dagger.
* * * LOW HITPOINT WARNING * * *
The orc wizard closely misses you.
The orc warrior hits you with a +0 war axe.
* * * LOW HITPOINT WARNING * * *
The orc hits you with a +0 club.
* * * LOW HITPOINT WARNING * * *
You barely miss the orc priest.
The orc priest is heavily wounded.
The orc priest hits you with a +0 dagger.
* * * LOW HITPOINT WARNING * * *
The orc wizard closely misses you.
The orc warrior hits you with a +0 war axe!
You die...

###########.##.#
##.# #.##.#
#...# #.##.#
.....# #>##..
...... #.....
......# ######
.....Zo
....ooo######
..>.oho@o...#
....oOo####.#
.....hh #.#
......# #.#
...... #o#
.....# #.# #...#
#.#
##.########.#
....o....#


You could see a two-headed ogre, 3 wargs, an orc warrior, 2 orc priests, 2 orc
wizards, 4 orcs and a centaur zombie.

Vanquished Creatures
  Erica (D:8)
  Joseph (D:8)
  Prince Ribbit (D:8)
  A wyvern (D:7)
  5 yaks (D:8)
  The ghost of dinky3 the Shield-Bearer, an amateur FoFi of Okawaru (D:5)
  A water moccasin (D:5)
  Duvessa (D:4)
  5 orc warriors
  4 sky beasts
  3 ogres
  4 centaurs
  A necrophage (D:5)
  2 phantoms
  3 bullfrogs
  2 scorpions
  A water moccasin zombie (D:5)
  Dowan (D:4)
  A jelly (D:5)
  5 wights
  3 bullfrog skeletons
  A centaur skeleton (D:7)
  4 hounds
  2 orc priests
  Terence (D:2)
  An iguana (D:4)
  8 orc wizards
  4 gnolls
  4 adders
  2 howler monkey skeletons
  A shadow imp (D:6)
  A white imp (D:8)
  An ufetubus (D:5)
  An adder skeleton (D:2)
  A worm (D:5)
  A dart slug (D:4)
  25 orcs
  2 ball pythons
  8 endoplasms
  2 giant cockroaches
  6 goblins
  6 hobgoblins
  5 kobolds
  3 quokkas
  4 bats
  4 frilled lizards
  5 rats
150 creatures vanquished.

Vanquished Creatures (others)
  318 foxfires
318 creatures vanquished.

Grand Total: 468 creatures vanquished

Notes
Turn   | Place    | Note
-------+----------+-------------------------------------------
     0 | D:1      | dickylongcocking the Djinni Fire Elementalist began the
                  | quest for the Orb.
     0 | D:1      | Reached XP level 1. HP: 15/15 MP: 0/0
   382 | D:1      | Found a faded altar of an unknown god.
   471 | D:1      | Became a worshipper of the Shining One
   471 | D:1      | Reached * piety under the Shining One
   490 | D:1      | Reached skill level 1 in Fighting
   490 | D:1      | Reached XP level 2. HP: 18/22 MP: 0/0
  1301 | D:2      | Reached XP level 3. HP: 19/28 MP: 0/0
  1301 | D:2      | Learned a level 1 spell: Shock
  2043 | D:2      | Reached skill level 2 in Fighting
  2228 | D:2      | Noticed Terence
  2245 | D:2      | Gained mutation: You are weak. (Str -2) [potion of
                  | mutation]
  2245 | D:2      | Gained mutation: Your skin changes colour to match your
                  | surroundings (Stealth+). [potion of mutation]
  2257 | D:2      | Killed Terence
  2258 | D:2      | Reached XP level 4. HP: 16/34 MP: 0/0
  2933 | D:3      | Found a stormy altar of Qazlal.
  3659 | D:3      | Reached XP level 5. HP: 17/40 MP: 0/0
  3659 | D:3      | Learned a level 2 spell: Static Discharge
  4094 | D:4      | Noticed an ogre
  4104 | D:4      | Killed an ogre
  4105 | D:4      | Reached skill level 3 in Fighting
  4186 | D:4      | Reached XP level 6. HP: 44/46 MP: 0/0
  4238 | D:4      | Noticed Duvessa
  4240 | D:4      | Noticed Dowan
  4257 | D:4      | Killed Duvessa
  4258 | D:4      | Reached skill level 4 in Fighting
  4266 | D:4      | Killed Dowan
  4628 | D:4      | Reached XP level 7. HP: 36/53 MP: 0/0
  4628 | D:4      | Learned a level 3 spell: Stone Arrow
  4798 | D:4      | Found an opulent altar of Gozag.
  5145 | D:5      | Entered Level 5 of the Dungeon
  5231 | D:5      | Reached skill level 1 in Evocations
  5251 | D:5      | Reached ** piety under the Shining One
  5253 | D:5      | Reached skill level 5 in Fighting
  5441 | D:5      | Found a staircase to the Ecumenical Temple.
  5478 | D:5      | Found a runed translucent gate.
  5479 | D:5      | Found a runed translucent gate.
  5480 | D:5      | Found a runed translucent gate.
  5505 | Temple   | Entered the Ecumenical Temple
  5655 | Temple   | Fell from the grace of the Shining One
  5655 | Temple   | Became a worshipper of Elyvilon the Healer
  5728 | D:5      | Noticed dinky3's ghost (amateur FoFi)
  5729 | D:5      | Noticed a water moccasin
  5999 | D:4      | Reached XP level 8. HP: 45/59 MP: 0/0
  6188 | D:5      | Reached skill level 5 in Spellcasting
  6553 | D:5      | Reached * piety under Elyvilon
  6653 | D:5      | Reached skill level 6 in Fighting
  6762 | D:5      | Found an iron altar of Okawaru.
  6763 | D:5      | Found a bloodstained altar of Trog.
  7129 | D:5      | HP: 3/61 [something (17)]
  7485 | D:5      | Reached XP level 9. HP: 21/67 MP: 0/0
  7485 | D:5      | Learned a level 3 spell: Mephitic Cloud
  8298 | D:6      | Reached skill level 7 in Fighting
  8298 | D:6      | Reached skill level 5 in Evocations
  8535 | D:6      | Reached ** piety under Elyvilon
  9568 | Temple   | Fell from the grace of Elyvilon
  9568 | Temple   | Became a worshipper of Makhleb the Destroyer
  9628 | D:5      | Killed dinky3's ghost
 10273 | D:7      | Noticed an angel
 10740 | D:8      | Reached skill level 8 in Fighting
 10740 | D:8      | Reached XP level 10. HP: 72/76 MP: 0/0
 10951 | D:8      | Noticed Erica
 11167 | D:8      | Killed Erica
 11699 | D:8      | Noticed Prince Ribbit
 11707 | D:8      | Killed Prince Ribbit
 12147 | D:8      | Noticed Joseph
 12155 | D:8      | Killed Joseph
 12156 | D:8      | Reached skill level 9 in Fighting
 12345 | D:8      | Was forgiven by Elyvilon
 13038 | D:9      | Found a staircase to the Orcish Mines.
 13433 | D:9      | Noticed a daeva
 13433 | D:9      | Noticed an angel
 13550 | D:9      | Found a staircase to the Lair.
 13552 | D:9      | Noticed a two-headed ogre
 13562 | D:9      | Slain by an orc warrior

Illustrated notes

Levels and vault maps discovered:
D:1:      dpeg_arrival_simpleton_b, layout_rooms,
          chequers_ecumenical_altar_simple
D:2:      layout_basic, uniq_terence
D:3:      layout_basic, general_overflow_altar, minmay_fractal_squares_gapless_5
D:4:      layout_basic, nicolae_gozag_seed_capital, uniq_duvessa
D:5:      layout_basic, grunt_temple_overflow_bloody_war,
          minmay_temple_entry_grid, gammafunk_ghost_split,
          chequers_serial_rivers_room_a
D:6:      minmay_angry_zag, layout_loops_ring
D:7:      layout_basic, lemuel_coloured_pillars_altar, uniq_pikel
D:8:      layout_loops_ring, uniq_erica, uniq_joseph, uniq_prince_ribbit1
D:9:      layout_loops_ring, erik_lair_orcish_takeover
Temple:   regret_index_temple_sphere_string

Skill      XL: |  1  2  3  4  5  6  7  8  9 10 |
---------------+-------------------------------+-----
Fighting       | 1 2 3 4 5 6 8 9 |  9.4
Spellcasting   | 3 4 5 6 7 |  7.7
Evocations     | 2 4 6 8 |  8.0
Dodging        | |  2.1
Stealth        | |  1.5

Action                   |  1- 3 |  4- 6 |  7- 9 | 10-12 || total
-------------------------+-------+-------+-------+-------++-------
Melee: Unarmed           |    32 |       |       |       ||    32
       Long sword        |       |    24 |    29 |       ||    53
       Scimitar          |       |       |    28 |    21 ||    49
 Cast: Foxfire           |    86 |    46 |    68 |       ||   200
       Inner Flame       |     3 |     3 |     6 |     6 ||    18
       Shock             |     1 |       |       |     9 ||    10
       Sticky Flame      |       |     1 |    22 |    16 ||    39
       Stone Arrow       |       |       |     1 |    21 ||    22
       Fireball          |       |       |     3 |     7 ||    10
       Mephitic Cloud    |       |       |       |     6 ||     6
       Static Discharge  |       |       |       |     2 ||     2
       Conjure Flame     |       |       |       |     1 ||     1
  Use: Potion            |     2 |       |     2 |     4 ||     8
       Scroll            |       |     9 |     7 |     1 ||    17
Armor: Robe              |    15 |    13 |    38 |    15 ||    81
Dodge: Dodged            |    42 |    19 |    96 |    27 ||   184
       Rpst.: Long sword |       |     6 |     4 |       ||    10
       Scimitar          |       |       |    15 |     5 ||    20

Table legend: (Time is in decaauts)
 A = Elapsed time spent in this place.
 B = Non-inter-level travel time spent in this place.
 C = Inter-level travel time spent in this place.
 D = Time resting spent in this place.
 E = Time spent auto-exploring this place.
 F = Levels seen in this place.
 G = Mean time per level.
                   A        B        C        D        E       F      G
               +--------+--------+--------+--------+--------+-----+--------+
         Total |  13609 |  13008 |    601 |   3124 |   8507 |  10 | 1360.9 |
       Dungeon |  13397 |  12863 |    534 |   3124 |   8369 |   9 | 1488.6 |
        Temple |    212 |    145 |     67 |      0 |    138 |   1 |  212.0 |
               +--------+--------+--------+--------+--------+-----+--------+

Top non-repeatable levels by time:
     D:5: 2120 daAuts
     D:8: 2102 daAuts
     D:4: 2002 daAuts
     D:6: 1819 daAuts
     D:3: 1469 daAuts
     D:2: 1369 daAuts
     D:1: 1229 daAuts
     D:9: 810 daAuts
     D:7: 472 daAuts
  Temple: 212 daAuts
